 Dungeon Crawl Stone Soup version 0.30.1-11-g7821555f0a (webtiles) character file.

Game seed: 526173764762073737

130 avglua the Covered (level 4, 0/41 HPs)
             Began as a Minotaur Fighter on Dec 12, 2023.
             Slain by a water moccasin (2 damage)
             ... in a sewer.
             The game lasted 00:27:47 (2569 turns).

avglua the Covered (Minotaur Fighter)               Turns: 2569, Time: 00:27:47

Health: 0/41       AC:  7    Str: 21    XL:     4   Next: 89%
Magic:  3/3        EV:  9    Int:  5    God:
Gold:   107        SH:  4    Dex: 11    Spells: 3/3 levels left

rFire   . . .        a - +0 long sword
rCold   . . .        c - +0 buckler
rNeg    . . .        b - +0 scale mail
rPois   .            (helmet restricted)
rElec   .            (no cloak)
rCorr   .            (no gloves)
SInv    .            (no boots)
Will    .....        (no amulet) Stlth
                     (no ring)
HPRegen 0.26/turn    (no ring)
MPRegen 0.08/turn

%: no passive effects
@: lethally poisoned (0 -> -5)
A: horns 2, retaliatory headbutt
a: no special abilities


You were in a sewer.
You visited 1 branch of the dungeon, and saw 3 of its levels.
You also visited: Sewer.

You collected 107 gold pieces.

Inventory:

Hand Weapons
 a - a +0 long sword (weapon)
Armour
 b - a +0 scale mail (worn)
 c - a +0 buckler (worn)
Jewellery
 e - an amulet of the acrobat
 g - an amulet of faith
Scrolls
 d - 3 scrolls of teleportation {unknown}
 i - a scroll of fear {unknown}
 j - a scroll of magic mapping {unknown}
 k - a scroll of immolation {unknown}
 l - a scroll of vulnerability {unknown}
Potions
 h - a potion of curing {unknown}


   Skills:
 + Level 4.5 Fighting
 + Level 4.0 Long Blades
 + Level 4.7 Armour
 + Level 0.9 Dodging
 + Level 0.2 Stealth
 + Level 4.1 Shields


You had 3 spell levels left.
You didn't know any spells.
Your spell library contained the following spells:

 Spells                   Type           Power      Damage    Failure   Level
 Freeze                   Ice            0%         1d3       86%         1
 Frozen Ramparts          Ice            0%         1d1       99%         3
 Hailstorm                Conj/Ice       0%         3d3       99%         3


Dungeon Overview and Level Annotations

Branches:
Dungeon (3/15)              Sewer (1/1)

Altars:


Innate Abilities, Weirdness & Mutations

You have a pair of horns on your head.
You reflexively headbutt those who attack you in melee.


Message History

You are too injured to fight recklessly!
You are too injured to fight recklessly!
It was a potion of ambrosia.
You are confused.
You feel invigorated.
* * * LOW HITPOINT WARNING * * *
You feel sick. The water moccasin bites you.
* * * LOW HITPOINT WARNING * * *
You are more poisoned.
The water moccasin poisons you! The water moccasin bites you.
* * * LOW HITPOINT WARNING * * *
* * * LOW HITPOINT WARNING * * *
You feel very sick. The water moccasin closely misses you.
It was a potion of heal wounds.
You feel much better.
You feel very sick. The water moccasin barely misses you.
The water moccasin closely misses you.
You are too injured to fight recklessly!
You feel less invigorated.
You feel less confused.
You feel very sick.
The water moccasin bites you but does no damage.
You are too injured to fight recklessly!
You completely miss the water moccasin.
Your headbutt misses the water moccasin.
You feel very sick. The water moccasin bites you.
* * * LOW HITPOINT WARNING * * *
The water moccasin bites you.
* * * LOW HITPOINT WARNING * * *
You hit the water moccasin but do no damage.
* * * LOW HITPOINT WARNING * * *
You feel very sick. You block the water moccasin's attack.
Unknown command.
You hit the water moccasin.
The water moccasin is lightly wounded.
* * * LOW HITPOINT WARNING * * *
You feel sick. The water moccasin bites you.
You die...

#~###.## #~##...#
#### #~##...#
....## ##~#....# ##
.....### #.~.....#
~##.. #~.~..###
#.†.....# #~...
#~~...###~~†....#
.....#
##~~~..~~.~######
#...~.###
###~.@..###~~.....#
#...~.####~~~S.###
#.~...∩.#
###...~~~..~.###
#.~.#.∩.#
###....~.###
##~##...# ########
#~###### #~# ###


You could see a water moccasin.

Vanquished Creatures
  An orc wizard (D:3)
  2 adders
  A worm (D:3)
  A dart slug (D:2)
  4 orcs (D:3)
  8 ball pythons
  A bat (D:1)
  9 endoplasms
  6 giant cockroaches
  9 hobgoblins
  4 jackals (Sewer)
  2 quokkas (D:1)
  2 frilled lizards (D:1)
  7 goblins
  11 kobolds
  2 rats
70 creatures vanquished.

Notes
Turn   | Place    | Note
-------+----------+-------------------------------------------
     0 | D:1      | avglua the Minotaur Fighter began the quest for the Orb.
     0 | D:1      | Reached XP level 1. HP: 19/19 MP: 0/0
   144 | D:1      | Reached XP level 2. HP: 24/27 MP: 1/1
   723 | D:1      | Reached XP level 3. HP: 33/33 MP: 2/2
  1645 | D:2      | Reached XP level 4. HP: 40/40 MP: 3/3
  2415 | D:3      | Found a glowing drain.
  2430 | Sewer    | Entered a sewer
  2551 | Sewer    | Noticed a water moccasin
  2564 | Sewer    | HP: 1/41 [poisoned by a water moccasin]
  2569 | Sewer    | HP: 2/41 [poisoned by a water moccasin]
  2569 | Sewer    | Slain by a water moccasin

Illustrated notes

Levels and vault maps discovered:
D:1:      amcnicky_arrival_gap_in_the_tavern_cellar, layout_basic, st_stairs_2
D:2:      layout_rooms
D:3:      layout_basic, gup_sewer_entry_glass,
          dreamdust_ecumenical_altar_statues, uniq_ijyb
Sewer:    sewer_the_moccasin

Skill      XL: |  1  2  3  4 |
---------------+-------------+-----
Armour         | 4 |  4.7
Fighting       | 4 |  4.5
Shields        | 4 |  4.1
Long Blades    | 3 4 |  4.0
Dodging        | |  0.9
Stealth        | |  0.2

Action                     |  1- 3 |  4- 6 || total
---------------------------+-------+-------++-------
  Melee: Long sword        |   106 |    51 ||   157
         Headbutt          |    11 |     5 ||    16
    Use: Potion            |     1 |     2 ||     3
 Armour: Scale mail        |    65 |    30 ||    95
  Dodge: Dodged            |    57 |    26 ||    83
  Block: Buckler           |    24 |    15 ||    39
